Map: Submarine LE

Players

Shazam

  • Race: Terran Terran
  • Spawn Location: 11:00

notGosu - Winner!

  • Race: Terran Terran
  • Spawn Location: 5:00

VOD

Have the link to the VOD?

Description

look this ass thicc

Time

  • Played on: Oct. 2, 2020, 3:04 p.m.
  • Length: 3:42
Show
View Real Time Build Order
Export as new Build Order

Shazam Terran 

Build Orders:  

Get SALT Encoding   

  12  0:03  SCV  
  13  0:16  SCV  
  13  0:18  Refinery  
  14  0:30  Supply Depot  
  14  0:34  SCV  
  15  0:52  SCV  
  15  0:53  Supply Depot  
  16  1:04  SCV  
  17  1:16  SCV  
  18  1:21  Barracks  
  18  1:28  SCV  
  19  1:40  SCV  
  19  1:42  Barracks  
  20  1:50  Refinery  
  20  1:52  SCV  
  21  2:04  SCV  
  22  2:16  SCV  
  23  2:22  Supply Depot  
  23  2:28  SCV  
  24  2:40  Reaper, SCV  
  24  2:43  Reaper  
  27  2:50  Supply Depot  
Show
View Real Time Build Order
Export as new Build Order

notGosu Terran - Winner!

Build Orders:  

Get SALT Encoding   

  12  0:00  SCV  
  13  0:12  SCV  
  14  0:26  SCV  
  14  0:28  Supply Depot  
  15  0:38  Supply Depot  
  15  0:51  Supply Depot  
  15  0:58  Barracks  
  15  1:04  SCV  
  16  1:16  SCV  
  17  1:22  Barracks  
  17  1:39  SCV  
  18  1:45  Marine  
  19  1:48  Barracks  
  19  1:57  SCV  
  19  1:58  Refinery  
  20  2:03  Marine  
  21  2:12  Marine, Barracks  
  22  2:21  Marine  
  22  2:22  Supply Depot  
  23  2:27  SCV  
  24  2:30  Marine  
  24  2:36  Marine  
  26  2:45  Marine  
  26  2:47  Marine, Bunker  
  28  2:54  Marine  
  29  3:08  Marine x3  
  29  3:12  Marine  
Tags
 
Matchup
TvT
Race
Terran
Spawn Locations
Cross Positions
Add a new tag
Caveats
  • Supply blocks, unpowered buildings, or Contaminate may cause inaccurate times.
  • Supply counts are checked every 10 seconds.